 Dungeon Crawl Stone Soup version 0.22-a0-283-g1871b15 (webtiles) character file.

4 Gorglomux the Ducker (level 1, 0/10 HPs)
             Began as a Felid Fighter on Mar 18, 2018.
             Slain by a kobold
             ... wielding a +0 dagger
              (3 damage)
             ... on level 1 of the Dungeon.
             The game lasted 00:00:06 (45 turns).

Gorglomux the Ducker (Felid Fighter)                  Turns: 45, Time: 00:00:07

Health: 0/10       AC:  1    Str: 12    XL:     1   Next: 58%
Magic:  2/2        EV: 19    Int:  9    God:
Gold:   0          SH:  0    Dex: 15    Spells: 0/0 levels left
                                        Lives:  0   Deaths: 0

rFire    . . .     SeeInvis +     - Unarmed
rCold    . . .     Gourm    .   (shield unavailable)
rNeg     . . .     Faith    .   (armour unavailable)
rPois    .         Spirit   .   (helmet unavailable)
rElec    .         Reflect  .   (cloak unavailable)
rCorr    .         Harm     .   (gloves unavailable)
MR       .....                  (boots unavailable)
Stlth    ++........             (no amulet)
HPRegen  0.03/turn              (no ring)
MPRegen  0.08/turn              (no ring)

@: quick
A: very small, no armour, no weapons or thrown items, stealth, claws 1, fangs 3,
see invisible, carnivore, speed 1, shaggy fur 1, slow metabolism 1, sharp paws
a: no special abilities


You were on level 1 of the Dungeon.
You were not hungry.

You visited 1 branch of the dungeon, and saw 1 of its levels.

Inventory:

Scrolls
 c - a scroll of identify {unknown}
Potions
 a - a potion of might
Comestibles
 b - a ration


   Skills:
 - Level 3.0 Fighting
 - Level 4.0 Dodging
 + Level 1.9 Stealth
 - Level 4.0 Unarmed Combat


You couldn't memorise any spells.
You didn't know any spells.

Dungeon Overview and Level Annotations

Branches:
Dungeon (1/15)

Altars:


Innate Abilities, Weirdness & Mutations

You cannot wear armour.
You are incapable of wielding weapons or throwing items.
Your paws allow you to move quietly. (Stealth)
You have sharp claws.
You have razor-sharp teeth.
You have supernaturally acute eyesight. (SInv)
You are carnivorous and can eat meat at any time.
You cover ground quickly.
You are covered in fur. (AC +1)
You have a slow metabolism.
Your sharp claws are effective at attacking unaware monsters.


Message History

You are too injured to fight recklessly!!!
There are monsters nearby!!!
You are too injured to fight recklessly!!!
Butt are too injured to fight recklessly!!!
You are too injured to fight recklessly!!!
You are too injured to fight recklessly!!!
Unknown command!
There are monsters butt!!!
You closely miss the kobold!
The butt is moderately wounded!
The giant cockroach completely misses you!
You barely miss the kobold!
The kobold butts moderately wounded!
The giant cockroach bites you! * * * don't die
* * * The kobold misses you!
You eviscerate the kobold!
The kobold is severely wounded!
The giant cockroach misses butt!
The kobold hits you with a dagger! rip

#.....#######
#.#...##.....
#.#.≈.##.....
###########.#.≈.##.....
#...........#.≈..'.....
#......######.≈.##.....
#......# #...##.....
.#......## #...##..<..
......)@.# #.8.##.....
.#....Ks....?#...#######
#...........#####
...........)...
...............
...##.......... .#.
#....)..... .
...........


You could see a giant cockroach and a kobold.

Vanquished Creatures
  A giant cockroach (D:1)
  A hobgoblin (D:1)
  A goblin (D:1)
  A kobold (D:1)
  A rat (D:1)
5 creatures vanquished.

Notes
Turn   | Place    | Note
-------+----------+-------------------------------------------
     0 | D:1      | Gorglomux the Felid Fighter began the quest for the Orb.
     0 | D:1      | Reached XP level 1. HP: 10/10 MP: 2/2
    31 | D:1      | Reached skill level 1 in Stealth
    45 | D:1      | Slain by a kobold

Vault maps used:
D:1:      dpeg_arrival_rooms_c

Skill      XL: |  1 |
---------------+----+-----
Stealth        | 1 |  1.9
Fighting       | |  3.0
Dodging        | |  4.0
Unarmed Combat | |  4.0

Action                   || total
-------------------------++-------
Melee: Unarmed           ||    19
       Bite              ||     1
 Stab: Distracted        ||     1
Dodge: Dodged            ||    17

Table legend:
 A = Spawn XP
 B = Non-spawn XP
 C = Spawn XP percentage of total XP
 D = Spawn monster count
 E = Non-spawn monster count
 F = Spawn count percentage of total count
 G = Total turns spent on level
                    A         B        C        D         E        F      G
               +---------+---------+-------+---------+---------+-------+---------
         Total |       0 |       7 |   0.0 |       0 |       5 |   0.0 |    45
               +---------+---------+-------+---------+---------+-------+---------
           D:1 |       0 |       7 |   0.0 |       0 |       5 |   0.0 |    45
               +---------+---------+-------+---------+---------+-------+---------
